cohdb
Replays
Latest Replays
All Replays
Popular Replays
Top Player Replays
Match Explorer
How It Works
Community
CoH3 Stats
Reddit
Sign in to upload your games and track your stats! →
Sign in with Steam
Match 40870474
Unlisted
Match 40870474
Overview
Messages
Build Orders
End
Pioneer Squad
Construct Infanterie Kompanie
Grenadier Squad
GrW 34 Mortar Team
Grenadier Squad
Infanterie Officer Quarters
Selects Mechanized Battlegroup
Construct Panzergrenadier Kompanie
Selects Raid Package
Panzergrenadier Squad
Pak 40 Anti-tank Gun Team
Panzergrenadier Officer Quarters
Panzergrenadier Squad
Selects StuG Assault Group
StuG Assault Group
StuG Assault Group
Pioneer Squad
Medical Bunker
Selects Panther Heavy Tank
Selects Mobile Repair Stations
Panther Heavy Tank
^3
Scotty!
0
0
Comments
sign in to comment!
No comments posted yet!